 Dungeon Crawl Stone Soup version 0.31-a0-233-g139696dc86 (webtiles) character file.

Game seed: 13660647647978351093

19175 pokeman the Eclecticist (level 12, -4/66 HPs)
             Began as a Deep Elf Hedge Wizard on July 9, 2023.
             Was an Elder of Vehumet.
             Slain by an efreet
             ... wielding a +4 scimitar of flaming
              (22 damage)
             ... on level 13 of the Dungeon.
             The game lasted 00:48:52 (17393 turns).

pokeman the Eclecticist (Deep Elf Hedge Wizard)    Turns: 17393, Time: 00:48:53

Health: -4/66      AC: 12    Str: 18    XL:     12   Next: 34%
Magic:  14/44      EV: 12    Int: 25    God:    Vehumet [****..]
Gold:   764        SH:  0    Dex: 11    Spells: 17/45 levels left

rFire   . . .        i - staff of conjuration
rCold   . . .        (no shield)
rNeg    + . .        X - +0 acid dragon scales
rPois   +            B - +0 helmet
rElec   .            w - +0 cloak
rCorr   +            m - +1 pair of gloves {Stlth+}
SInv    .            b - +0 pair of boots
Will    .....        U - amulet of regeneration
Stlth   +++          x - ring of Wiehyocs {MP+9 Str+2 Slay+3}
HPRegen 1.11/turn    f - ring of Poyficuv {rPois rN+ Will- Str+9 Dex-3}
MPRegen 0.29/turn

%: no passive effects
@: about to teleport, spiked, very slightly contaminated
A: no striking features
a: Renounce Religion


You were on level 13 of the Dungeon.
You worshipped Vehumet.
Vehumet was greatly pleased with you.
You visited 2 branches of the dungeon, and saw 14 of its levels.
You also visited: Bailey.

You collected 934 gold pieces.
You spent 170 gold pieces at shops.

Inventory:

Armour
 b - a +0 pair of boots (worn)
 m - a +1 pair of gloves of stealth (worn)
 o - a +0 buckler
 w - a +0 cloak (worn)
 B - a +0 helmet (worn)
 X - +0 acid dragon scales (worn)
Magical Staves
 i - a staff of conjuration (weapon)
 R - the staff of the Morning {rElec rN+ Dex+5 Stlth- Necro Earth}
   (You found it on level 9 of the Dungeon)

   [staff of death]

   Base accuracy: +5 Base damage: 5 Base attack delay: 1.2 This weapon's minimum
   attack delay (0.6) is reached at skill level 12.
   Dex:       It affects your dexterity (+5).
   rElec:     It insulates you from electricity.
   rN:        It protects you from negative energy.
   Necro:     It increases the power of your Necromancy spells.
   Earth:     It increases the power of your Earth spells.
   Stlth:     It makes you less stealthy.
   It falls into the 'Staves' category.
   It is a one-handed weapon.
Jewellery
 f - the ring of Poyficuv (right hand) {rPois rN+ Will- Str+9 Dex-3}
   (You acquired it on level 12 of the Dungeon)

   [ring of positive energy]

   Str:       It affects your strength (+9).
   Dex:       It affects your dexterity (-3).
   rPois:     It protects you from poison.
   rN:        It protects you from negative energy.
   Will:      It decreases your willpower.
 x - the ring of Wiehyocs (left hand) {MP+9 Str+2 Slay+3}
   (You found it on level 5 of the Dungeon)

   [ring of magical power]

   Str:       It affects your strength (+2).
   Slay:      It affects your accuracy & damage with ranged weapons and melee
   (+3).
   MP:        It affects your magic capacity (+9).
 S - a ring of protection from cold
 U - an amulet of regeneration (around neck)
Wands
 q - a wand of polymorph (7)
 D - a wand of iceblast (11)
 M - a wand of digging (2)
 W - a wand of light (7)
Scrolls
 c - a scroll of enchant weapon
 e - 6 scrolls of teleportation
 p - 2 scrolls of blinking
 y - 2 scrolls of revelation
 Y - a scroll of silence {unknown}
Potions
 a - a potion of might
 d - 2 potions of magic
 g - 7 potions of haste
 r - 7 potions of curing
 s - a potion of ambrosia
 z - 4 potions of resistance {unknown}
 E - 2 potions of enlightenment {unknown}
 H - 4 potions of heal wounds
 J - a potion of mutation {unknown}
 O - a potion of cancellation {unknown}
Miscellaneous
 Q - a box of beasts


   Skills:
 - Level 4.0 Fighting
 - Level 4.0 Armour
 - Level 3.0 Dodging
 - Level 3.0 Stealth
 + Level 4.6 Shields
 * Level 17.0 Spellcasting
 + Level 10.1 Conjurations
 - Level 1.1 Summonings
 - Level 1.0 Necromancy
 - Level 1.1 Translocations
 - Level 1.0 Transmutations
 - Level 1.0 Fire Magic
 + Level 8.8 Air Magic
 - Level 1.1 Poison Magic
 - Level 1.0 Evocations


You had 17 spell levels left.
You knew the following spells:

 Your Spells              Type           Power      Damage    Failure   Level
a - Magic Dart            Conj           100%       1d8       1%          1
b - Mephitic Cloud        Conj/Pois/Air  70%        N/A       1%          3
c - Call Imp              Summ           52%        N/A       3%          2
d - Blink                 Tloc           52%        N/A       3%          2
e - Airstrike             Air            30%        2d(5-21)  1%          4
f - Fireball              Conj/Fire      32%        3d14      2%          5
g - Starburst             Conj/Fire      32%        6d10      13%         6
h - Irradiate             Conj/Tmut      32%        3d22      2%          5

Your spell library contained the following spells:

 Spells                   Type           Power      Damage    Failure   Level
 Apportation              Tloc           52%        N/A       1%          1
 Necrotise                Necr           100%       1d9       1%          1
 Summon Small Mammal      Summ           100%       N/A       1%          1
 Cigotuvi's Dreadful Rot  Necr/Pois/Air  78%        N/A       1%          2
 Static Discharge         Conj/Air       100%       2-7/arc   1%          2
 Dazzling Flash           Conj/Hex       100%       N/A       1%          3
 Volatile Blastmotes      Fire/Tloc      52%        2d14      1%          3
 Iskenderun's Mystic Bla  Conj/Tloc      65%        2d13      1%          4
 Slow                     Hex            84%        N/A       3%          1
 Lesser Beckoning         Tloc           52%        N/A       3%          2
 Summon Lightning Spire   Summ/Air       46%        N/A       4%          4
 Gell's Gravitas          Tloc           26%        N/A       6%          3
 Teleport Other           Tloc           26%        N/A       6%          3
 Manifold Assault         Tloc           26%        N/A       21%         4
 Blade Hands              Tmut           13%        N/A       50%         5
 Storm Form               Tmut/Air       23%        N/A       98%         7
 Dragon Form              Tmut           13%        N/A       100%        7


Dungeon Overview and Level Annotations

Branches:
Dungeon (13/15)            Temple (1/1) D:7            Lair (0/5) D:11
    Orc (0/2) D:12         Bailey (visited)
 Vaults: D:13-14

Altars:
Ashenzari
Dithmenos
Fedhas
Makhleb
Ru
Sif Muna
Uskayaw
Vehumet
Wu Jian
Zin
The Shining One
Lugonu

Shops:
D:2 !


Message History

Casting: Blink (safe; 3% risk of failure)
Confirm with . or Enter, or press ? or * to list all spells.
Aiming: Airstrike (safe; 1% risk of failure)
Press: ? - help, Dir - move target, f - manticore
Aim: a manticore (empty space bonus: 8/8)
The air twists around and strikes the manticore!
The manticore is moderately wounded.
The manticore flicks its tail.
The volley of spikes misses you. The efreet barely misses you.
Casting: Airstrike (safe; 1% risk of failure)
Confirm with . or Enter, or press ? or * to list all spells.
Aiming: Mephitic Cloud (safe; 1% risk of failure)
Press: ? - help, Shift-Dir - straight line, f - boulder beetle, p - manticore
Aim: a boulder beetle (severely wounded, rolling, chance to affect: 43%)
You feel a surge of power!
The ball explodes into a vile cloud!
The stinking cloud engulfs the boulder beetle but does no damage.
The boulder beetle is severely wounded.
You carefully extract the barbed spikes from your body.
You feel stable enough to blink again.
You hear an angry hiss.
The manticore flicks its tail.
The volley of spikes hits you!
The barbed spikes become lodged in your body.
* * * LOW HITPOINT WARNING * * *
The boulder beetle is engulfed in noxious fumes.
The boulder beetle appears confused.
The efreet closely misses you.
Unknown command.
Casting: Mephitic Cloud (safe; 1% risk of failure)
Confirm with . or Enter, or press ? or * to list all spells.
Aiming: Mephitic Cloud (safe; 1% risk of failure)
Press: ? - help, Shift-Dir - straight line, f - manticore, p - boulder beetle
Aim: a manticore (moderately wounded, chance to affect: 58%)
You feel a surge of power!
The ball explodes into a vile cloud!
The stinking cloud engulfs the manticore but does no damage.
The manticore is moderately wounded.
The manticore is engulfed in noxious fumes.
The manticore appears confused.
A deep elf pyromancer comes into view. It is wielding a +0 dagger.
The efreet hits you with a +4 scimitar of flaming!!
You die...

#......?)####.#######..
#.....e...........#....
........................
.##...............###...
#>..>..B........##..##
#...§☼§.○##.....###.#
#.°.H§○.°####.†###..##
..☼#○§§§○#####..####..#
...##R@☼☼###.....##...#
.. ###........####....
##......### #....
..........####...
......÷..........
#........#.#...##
#........##...##.
###....####....#. #.....
#......


You could see a boulder beetle (rolling, confused), a manticore (confused), a
deep elf pyromancer and an efreet.

Vanquished Creatures
  A two-headed ogre (D:12)
  A boulder beetle (D:12)
  3 skeletal warriors (D:13)
  A wizard (D:9)
  4 orc knights (Bailey)
  A deep elf pyromancer (D:13)
  An ugly thing (D:12)
  A manticore (D:13)
  2 cyclopes (D:11)
  The ghost of MathMan16 the Basher, a novice MiBe of Trog (D:5)
  Maurice (D:8)
  4 kobold demonologists
  2 gargoyles
  An efreet (D:13)
  A komodo dragon (D:11)
  4 trolls
  4 large abominations (D:9)
  3 shadows
  2 wraiths (D:13)
  A wyvern (D:7)
  6 humans (D:7)
  4 yaks (D:12)
  A steam dragon (D:8)
  2 basilisks
  2 acid dragons (D:12)
  3 water moccasins
  2 black bears
  A sky beast (D:8)
  7 orc warriors
  6 small abominations (D:9)
  An ice beast (D:6)
  3 ogres
  5 centaurs
  5 bullfrogs
  2 scorpions
  8 wights
  3 killer bees (D:11)
  8 howler monkeys
  3 hounds
  A jelly (D:6)
  A gnoll bouda (D:6)
  14 orc priests
  2 sleepcaps
  3 iguanas
  7 orc wizards
  3 gnolls (D:6)
  7 adders
  A shadow imp (D:5)
  A white imp (D:7)
  A worm (D:3)
  A dart slug (D:2)
  82 orcs
  7 bats
  7 endoplasms
  4 giant cockroaches
  4 goblins
  8 hobgoblins
  2 jackals (D:3)
  10 kobolds
  6 quokkas
  6 ball pythons
  2 frilled lizards (D:2)
  4 rats
295 creatures vanquished.

Vanquished Creatures (collateral kills)
  A hound (D:6)
  An orc wizard (D:4)
  An orc (D:3)
3 creatures vanquished.

Grand Total: 298 creatures vanquished

Notes
Turn   | Place    | Note
-------+----------+-------------------------------------------
     0 | D:1      | pokeman the Deep Elf Hedge Wizard began the quest for the
                  | Orb.
     0 | D:1      | Reached XP level 1. HP: 10/10 MP: 7/7
   273 | D:1      | Reached XP level 2. HP: 16/16 MP: 5/9
  1128 | D:2      | Reached skill level 5 in Spellcasting
  1411 | D:2      | Reached XP level 3. HP: 20/20 MP: 9/11
  1415 | D:2      | Learned a level 3 spell: Mephitic Cloud
  1418 | D:2      | Learned a level 2 spell: Call Imp
  1421 | D:2      | Learned a level 2 spell: Blink
  1988 | D:2      | Reached skill level 1 in Fighting
  2245 | D:2      | Reached skill level 1 in Armour
  2310 | D:2      | Found Sonyned's Distillery.
  2452 | D:2      | Found a faded altar of an unknown god.
  2731 | D:3      | Reached XP level 4. HP: 21/25 MP: 2/13
  3270 | D:3      | Reached skill level 6 in Spellcasting
  3270 | D:3      | Reached XP level 5. HP: 29/29 MP: 8/15
  3666 | D:3      | Found an ornate altar of the Wu Jian Council.
  3859 | D:4      | Identified the +0 ring mail "Sioxei Ypre" {+Inv rElec Str+3
                  | SInv}
  3949 | D:4      | Found a broken altar of Ashenzari.
  4026 | D:4      | Noticed a black bear
  4055 | D:4      | Killed a black bear
  4056 | D:4      | Reached skill level 1 in Shields
  4056 | D:4      | Reached skill level 1 in Air Magic
  4056 | D:4      | Reached XP level 6. HP: 33/34 MP: 4/17
  4199 | D:4      | Reached skill level 7 in Spellcasting
  4240 | D:4      | Reached skill level 1 in Poison Magic
  4240 | D:4      | Reached skill level 1 in Evocations
  4492 | D:4      | Found a glowing silver altar of Zin.
  4680 | D:4      | Reached XP level 7. HP: 38/38 MP: 8/20
  4894 | D:5      | Entered Level 5 of the Dungeon
  4898 | D:5      | Identified the ring of Wiehyocs {MP+9 Str+2 Slay+3}
  5008 | D:5      | Reached skill level 8 in Spellcasting
  5222 | D:5      | Found a runed translucent gate.
  5223 | D:5      | Found a runed translucent gate.
  5226 | D:5      | Noticed MathMan16's ghost (novice MiBe)
  5227 | D:5      | Found a runed translucent gate.
  5227 | D:5      | Identified the +0 hand axe of Ehikotsust {flame, rPois
                  | Int+3}
  5308 | D:5      | Found a glowing golden altar of the Shining One.
  5881 | D:6      | Reached skill level 9 in Spellcasting
  5881 | D:6      | Reached XP level 8. HP: 35/44 MP: 22/23
  6910 | D:7      | Reached skill level 5 in Conjurations
  7044 | D:7      | Reached skill level 10 in Spellcasting
  7329 | D:7      | Found a staircase to the Ecumenical Temple.
  7338 | Temple   | Entered the Ecumenical Temple
  7345 | Temple   | Became a worshipper of Vehumet
  7527 | D:7      | Reached XP level 9. HP: 37/48 MP: 25/25
  7574 | D:7      | Reached skill level 11 in Spellcasting
  8053 | D:7      | Reached skill level 5 in Air Magic
  8629 | D:7      | Reached skill level 12 in Spellcasting
  8922 | D:8      | Identified the +0 scale mail of Terror {rN+}
  8938 | D:8      | Found a blossoming altar of Fedhas.
  9110 | D:8      | Learned a level 4 spell: Airstrike
  9463 | D:8      | Noticed Maurice
  9476 | D:8      | Killed Maurice
  9477 | D:8      | Reached XP level 10. HP: 54/54 MP: 11/28
  9765 | D:9      | Reached * piety under Vehumet
  9765 | D:9      | Offered knowledge of Shock by Vehumet.
  9875 | D:9      | Reached skill level 13 in Spellcasting
  9962 | D:9      | Found a flagged portal.
  9972 | Bailey   | Entered a bailey
 10051 | Bailey   | Offered knowledge of Sandblast by Vehumet.
 10059 | Bailey   | Reached ** piety under Vehumet
 10100 | Bailey   | Noticed an orc knight
 10101 | Bailey   | Noticed an orc knight
 10112 | Bailey   | Noticed an orc knight
 10123 | Bailey   | Killed an orc knight
 10125 | Bailey   | Killed an orc knight
 10129 | Bailey   | Killed an orc knight
 10243 | Bailey   | Noticed an orc knight
 10248 | Bailey   | Killed an orc knight
 10249 | Bailey   | Reached skill level 14 in Spellcasting
 10724 | D:9      | Learned a level 5 spell: Irradiate
 10733 | D:9      | Found a sacrificial altar of Ru.
 11030 | D:9      | Noticed a wizard
 11035 | D:9      | Killed a wizard
 11036 | D:9      | Reached XP level 11. HP: 29/61 MP: 24/31
 11148 | D:9      | Noticed a large abomination
 11148 | D:9      | Noticed a large abomination
 11172 | D:9      | Reached skill level 1 in Transmutations
 11705 | D:9      | Offered knowledge of Inner Flame by Vehumet.
 11840 | D:9      | Killed a large abomination
 11916 | D:9      | Identified the staff of the Morning {rElec rN+ Dex+5 Stlth-
                  | Necro Earth}
 11918 | D:9      | Identified the +5 plate armour of Watchfulness {Dex+6}
 11928 | D:9      | Learned a level 6 spell: Starburst
 12206 | D:10     | Entered Level 10 of the Dungeon
 12335 | D:10     | Found a hide-covered altar of Uskayaw.
 12468 | D:10     | Found a corrupted altar of Lugonu.
 12474 | D:10     | Noticed a sixfirhy
 12492 | D:10     | Reached skill level 1 in Necromancy
 12492 | D:10     | Reached skill level 1 in Fire Magic
 12609 | D:10     | Reached skill level 15 in Spellcasting
 13082 | D:10     | Reached *** piety under Vehumet
 13482 | D:2      | Bought a potion of curing for 30 gold pieces
 13482 | D:2      | Bought a potion of heal wounds for 50 gold pieces
 13482 | D:2      | Bought a potion of degeneration for 10 gold pieces
 13482 | D:2      | Bought a potion of magic for 80 gold pieces
 13979 | D:11     | Found a staircase to the Lair.
 14853 | D:5      | Killed MathMan16's ghost
 15038 | D:12     | Noticed a boulder beetle
 15245 | D:12     | Noticed a white ugly thing
 15378 | D:12     | Offered knowledge of Ignite Poison by Vehumet.
 15401 | D:12     | Killed a boulder beetle
 15402 | D:12     | Reached skill level 16 in Spellcasting
 15615 | D:12     | Killed a white ugly thing
 15681 | D:12     | Identified a scroll of acquirement
 15682 | D:12     | Acquired the ring of Poyficuv {rPois rN+ Will- Str+9 Dex-3}
 15972 | D:12     | Noticed a two-headed ogre
 15982 | D:12     | Killed a two-headed ogre
 15983 | D:12     | Reached XP level 12. HP: 66/66 MP: 28/34
 16222 | D:12     | Found a staircase to the Orcish Mines.
 16290 | D:12     | Reached **** piety under Vehumet
 17092 | D:13     | Reached skill level 10 in Conjurations
 17185 | D:13     | Offered knowledge of Fireball by Vehumet.
 17186 | D:13     | Reached skill level 17 in Spellcasting
 17192 | D:13     | Learned a level 5 spell: Fireball
 17371 | D:13     | Noticed a boulder beetle
 17393 | D:13     | Slain by an efreet

Illustrated notes

Levels and vault maps discovered:
D:1:      tarquinn_simple_flora_water_b, layout_loops_ring,
          chequers_serial_rivers_small_a
D:2:      layout_basic, shapermc_ecumenical_altar_petra, serial_shops,
          nicolae_lakefront_shop
D:3:      layout_loops_ring, mainiacjoe_overflow_alcove_4, fountainhead,
          kennysheep_pointless_box
D:4:      minmay_diamond_boxcup, layout_basic, lemuel_doored_altar,
          mainiacjoe_overflow_surrounded_room
D:5:      layout_basic, mainiacjoe_overflow_chevrons,
          biasface_ghost_orc_armoury, hangedman_decor_riveting
D:6:      layout_cave_pods
D:7:      kb_forest_paths, layout_basic, minmay_temple_entry_poolview,
          minmay_ruffians
D:8:      layout_basic, mainiacjoe_overflow_paths, uniq_maurice
D:9:      layout_cave_pods, lemuel_round_altar, enter_bailey_1, laboratory
D:10:     kennysheep_kobold_lugonu_temple, layout_loops_ring,
          lemuel_crystal_altar
D:11:     layout_loops_corners, david_lair_shrubbed
D:12:     layout_long_grid, hiddenorc1_lemuel
D:13:     layout_cave_pools
Temple:   eino_wide_crystal_templ

Skill      XL: |  1  2  3  4  5  6  7  8  9 10 11 12 |
---------------+-------------------------------------+-----
Spellcasting   | 5 6 7 9 10 12 14 16 17 | 17.0
Fighting       | 1 2 4 |  4.0
Armour         | 1 2 3 4 |  4.0
Conjurations   | 2 3 4 5 7 8 9 10 | 10.1
Stealth        | 3 |  3.0
Dodging        | 3 |  3.0
Shields        | 1 2 3 4 |  4.6
Air Magic      | 1 3 4 5 7 8 |  8.8
Poison Magic   | 1 |  1.1
Evocations     | 1 |  1.0
Transmutations | 1 |  1.0
Necromancy     | 1 |  1.0
Fire Magic     | 1 |  1.0
Summonings     | |  1.1
Translocations | |  1.1

Action                     |  1- 3 |  4- 6 |  7- 9 | 10-12 || total
---------------------------+-------+-------+-------+-------++-------
  Melee: Dagger            |    24 |    65 |   100 |    46 ||   235
         Whip              |       |       |    22 |       ||    22
         Punch             |       |       |     3 |     1 ||     4
         Staff             |       |       |       |    39 ||    39
   Cast: Magic Dart        |   113 |    97 |   168 |   103 ||   481
         Mephitic Cloud    |     3 |    10 |    33 |    40 ||    86
         Call Imp          |       |     3 |    16 |     7 ||    26
         Airstrike         |       |       |     7 |   131 ||   138
         Blink             |       |       |     1 |     1 ||     2
         Irradiate         |       |       |       |    14 ||    14
         Starburst         |       |       |       |    17 ||    17
         Fireball          |       |       |       |     4 ||     4
  Evoke: Wand              |       |       |       |     5 ||     5
         Box of beasts     |       |       |       |     1 ||     1
    Use: Scroll            |       |       |       |    19 ||    19
   Stab: Confused          |     1 |     7 |    18 |    18 ||    44
         Sleeping          |       |     2 |       |       ||     2
 Armour: Robe              |     7 |     6 |    15 |       ||    28
         Steam dragon scal |       |       |     2 |    35 ||    37
         Acid dragon scale |       |       |       |     1 ||     1
  Dodge: Dodged            |    24 |    38 |    90 |    76 ||   228

Table legend: (Time is in decaauts)
 A = Elapsed time spent in this place.
 B = Non-inter-level travel time spent in this place.
 C = Inter-level travel time spent in this place.
 D = Time resting spent in this place.
 E = Time spent auto-exploring this place.
 F = Levels seen in this place.
 G = Mean time per level.
                   A        B        C        D        E       F      G
               +--------+--------+--------+--------+--------+-----+--------+
         Total |  17429 |  15984 |   1445 |   1249 |  12068 |  15 | 1161.9 |
       Dungeon |  16988 |  15553 |   1435 |   1249 |  11852 |  13 | 1306.8 |
        Temple |     46 |     37 |      9 |      0 |      1 |   1 |   46.0 |
        Bailey |    394 |    394 |      0 |      0 |    215 |   1 |  394.0 |
               +--------+--------+--------+--------+--------+-----+--------+

Top non-repeatable levels by time:
     D:7: 1982 daAuts
     D:9: 1862 daAuts
     D:2: 1455 daAuts
    D:12: 1451 daAuts
     D:3: 1318 daAuts
    D:11: 1289 daAuts
    D:10: 1287 daAuts
     D:6: 1223 daAuts
     D:8: 1218 daAuts
     D:4: 1150 daAuts
     D:1: 1118 daAuts
     D:5: 1031 daAuts
    D:13: 599 daAuts
  Bailey: 394 daAuts
  Temple: 46 daAuts
